 Dungeon Crawl Stone Soup version 0.31-a0-188-g5e087ee2ca (webtiles) character file.

Game seed: 2630050615633382328

95 qw the Shooter (level 4, -18/25 HPs)
             Began as a Deep Elf Hunter on June 23, 2023.
             Killed from afar by an oklob plant (23 damage)
             ... with a splash of acid
             ... on level 3 of the Dungeon.
             The game lasted 00:00:45 (2281 turns).

qw the Shooter (Deep Elf Hunter)                    Turns: 2281, Time: 00:00:45

Health: -18/25     AC:  5    Str: 10    XL:     4   Next: 39%
Magic:  6/6        EV: 11    Int: 14    God:
Gold:   151        SH:  0    Dex: 22    Spells: 3/3 levels left

rFire   . . .        Y - +0 shortbow
rCold   . . .        (shield currently unavailable)
rNeg    . . .        b - +0 ring mail
rPois   .            j - +0 helmet
rElec   .            (no cloak)
rCorr   .            (no gloves)
SInv    .            c - +2 pair of boots of Hedge Wizardry {Drain Dex+4}
Will    .....        (no amulet)
Stlth   ++           (no ring)
HPRegen 0.24/turn    (no ring)
MPRegen 0.10/turn

%: no passive effects
@: corroded, attractive
A: no striking features
a: no special abilities


You were on level 3 of the Dungeon.
You visited 1 branch of the dungeon, and saw 3 of its levels.

You collected 151 gold pieces.


   Skills:
 - Level 1.5 Fighting
 + Level 7.8 Ranged Weapons
 - Level 2.4 Dodging
 - Level 1.2 Stealth


You had 3 spell levels left.
You didn't know any spells.
Your spell library was empty.

Inventory:

Hand Weapons
 Y - a +0 shortbow (weapon)
Armour
 b - a +0 ring mail (worn)
 c - the +2 pair of boots of Hedge Wizardry (worn) {Drain Dex+4}
   (You acquired it on level 2 of the Dungeon)

   Dex:       It affects your dexterity (+4).
   Drain:     It drains your maximum health when unequipped.
 j - a +0 helmet (worn)
Scrolls
 a - a scroll of identify
Potions
 d - a potion of mutation {unknown}
 e - a potion of ambrosia {unknown}
 f - a potion of curing {unknown}
 g - a potion of cancellation {unknown}
 h - a potion of berserk rage {unknown}

Dungeon Overview and Level Annotations

Branches:
Dungeon (3/15)

Altars:
Fedhas
Sif Muna
Trog

Annotations:
D:3 exclusion: oklob plant


Message History

Ouch! That really hurt!
The acid corrodes you!
Enter note:
Enter note:
Enter note:
Enter note:
Enter note:
Enter note:
Enter note:
Enter note:
Enter note:
Enter note:
Enter note:
Enter note:
Enter note:
Enter note:
Enter note:
Enter note:
Enter note:
Enter note:
Enter note:
Enter note:
Enter note:
Enter note:
Enter note:
Enter note:
Enter note:
Enter note:
Enter note:
Enter note:
Enter note:
Enter note: You shoot an arrow.
The arrow hits the plant.
The plant begins to die.
The plant is lightly damaged.
The oklob plant is engulfed in blazing flames.
Flame seeps out of the oklob plant.
The oklob plant spits acid at you. The splash of acid hits you!!
Ouch! That really hurt!
You die...

.#.#.#.#....#P##PPP..~~~~~..P..P#
.#.#.#.#....#PP.PP..~~~~~~~..P#P#
.#)#.#.#....#PPPP..~~~~~~~~~..#P#
.....#.#....#PP.P.~~~~~~~~~~~.PP#
.....#.#.#..##P##.~~~~...~~~~.###
.....#.#.#..#PPPP......_.~~~~....
.....#.#.#..#P.#P!~~~~...~~~~.###
....##.#.#..###P..~~~~~~~~~~~.P##
............#.P#@..~~~~~~~~~..###
....##.#....#PPP.P..~~~~~~~..#PP#
######.######P..P#P..~~~~~..P##P#
............##P.PPP..=.....#P# P#
........######..#PPPPP.PP#PPP# #
.#####..#####.P..PPPPP##PP.P#..P#
.# #......###P.PPP.PPPP.PP##.P#
.# #.###### PP#.P.PP#P##P#.PP.#
.# #.# # ######## ########


You could see an oklob plant (inner flame).

Vanquished Creatures
  A gnoll (D:1)
  3 adders (D:2)
  A worm (D:2)
  2 dart slugs (D:1)
  An orc (D:3)
  4 ball pythons
  4 bats
  3 endoplasms
  2 giant cockroaches (D:2)
  3 goblins
  5 hobgoblins
  4 jackals (D:3)
  A quokka (D:3)
  3 frilled lizards
  6 kobolds
  5 rats
48 creatures vanquished.

Notes
Turn   | Place    | Note
-------+----------+-------------------------------------------
     0 | D:1      | qw the Deep Elf Hunter began the quest for the Orb.
     0 | D:1      | Reached XP level 1. HP: 12/12 MP: 3/3
     0 | D:1      | 0 ||| qw: Version: 0.3-a-9-g12657ce
     0 | D:1      | 0 ||| qw: Game counter: 3917
     0 | D:1      | 0 ||| qw: Always use a shield: true
     0 | D:1      | 0 ||| qw: God list: Okawaru
     0 | D:1      | 0 ||| qw: Allow faded altars: false
     0 | D:1      | 0 ||| qw: Do Orc after D:15 true
     0 | D:1      | 0 ||| qw: Do second Lair branch before Depths: true
     0 | D:1      | 0 ||| qw: Lair rune preference: random
     0 | D:1      | 0 ||| qw: Plans: Normal
     0 | D:1      | 0 ||| PLANNING D:1-11
   185 | D:1      | HP: 3/12 [gnoll/+0 club (6)]
   187 | D:1      | Reached skill level 6 in Ranged Weapons
   187 | D:1      | Reached XP level 2. HP: 5/16 MP: 4/4
   811 | D:1      | Reached XP level 3. HP: 20/20 MP: 5/5
   902 | D:1      | 902 ||| UPGRADING to +0 pair of boots.
   907 | D:1      | 907 ||| READING 2 scrolls labelled VYEGOXODON.
   908 | D:1      | 908 ||| READING scroll labelled POS BOOKHLIPRAJOT.
   909 | D:1      | 909 ||| READING scroll labelled RUWIMIUZIE.
   910 | D:1      | 910 ||| DROPPING scroll of butterflies.
   961 | D:2      | Reached skill level 7 in Ranged Weapons
  1325 | D:2      | Reached XP level 4. HP: 25/25 MP: 6/6
  1327 | D:2      | 1327 ||| UPGRADING to +0 ring mail.
  1337 | D:2      | 1337 ||| DROPPING +0 leather armour.
  1338 | D:2      | 1338 ||| READING scroll labelled OTIAL NYAJ.
  1338 | D:2      | Identified a scroll of acquirement
  1338 | D:2      | 1338 ||| ACQUIRING +2 pair of boots of Hedge Wizardry
                  | {Drain Dex+4}
  1338 | D:2      | Acquired the +2 pair of boots of Hedge Wizardry {Drain
                  | Dex+4}
  1340 | D:2      | 1340 ||| UPGRADING to +2 pair of boots of Hedge Wizardry
                  | {Drain Dex+4}.
  1350 | D:2      | 1350 ||| DROPPING +0 pair of boots.
  1351 | D:2      | 1351 ||| READING scroll labelled ALY FISOUM.
  1442 | D:3      | Found a bloodstained altar of Trog.
  1495 | D:3      | Found a blossoming altar of Fedhas.
  1507 | D:3      | Noticed an oklob plant
  1508 | D:3      | 1508 ||| DROPPING ring of wizardry.
  1509 | D:3      | 1509 ||| READING scroll labelled BIROT UTUA.
  1510 | D:3      | 1510 ||| FLEEEEING.
  1925 | D:3      | Found a shimmering blue altar of Sif Muna.
  2262 | D:3      | 2262 ||| UPGRADING to +0 helmet.
  2267 | D:3      | 2267 ||| READING scroll labelled JICEMN INKECAV.
  2268 | D:3      | 2268 ||| READING scroll labelled SEILEB FEEMED.
  2269 | D:3      | 2269 ||| DRINKING 2 glowing red potions.
  2270 | D:3      | 2270 ||| DROPPING potion of attraction.
  2280 | D:3      | HP: 5/25 [oklob plant/splash of acid (20)]
  2281 | D:3      | Killed from afar by an oklob plant

Levels and vault maps discovered:
D:1:      lightli_arrival_quake, layout_basic
D:2:      layout_rooms
D:3:      layout_basic, tgw_fedhas, led_sif_pool, trog_three_pillars_becter,
          minmay_cut_off

Skill      XL: |  1  2  3 |
---------------+----------+-----
Ranged Weapons | 6 7 |  7.8
Fighting       | |  1.5
Dodging        | |  2.4
Stealth        | |  1.2

Action                     |  1- 3 |  4- 6 || total
---------------------------+-------+-------++-------
   Fire: Shortbow          |   100 |    47 ||   147
    Use: Scroll            |     3 |     5 ||     8
         Potion            |       |     1 ||     1
 Armour: Leather armour    |     2 |       ||     2
         Ring mail         |       |     3 ||     3
  Dodge: Dodged            |    19 |    10 ||    29

Table legend:
 A = Non-vault XP
 B = Vault XP
 C = Vault XP percentage of total XP
 D = Non-vault monster count
 E = Vault monster count
 F = Vault count percentage of total count
                 A         B        C        D         E       F
            +---------+---------+-------+---------+---------+-------
      Total |     129 |       7 |   5.1 |      45 |       3 |   6.2
            +---------+---------+-------+---------+---------+-------
        D:1 |      43 |       0 |   0.0 |      16 |       0 |   0.0
        D:2 |      66 |       0 |   0.0 |      17 |       0 |   0.0
        D:3 |      20 |       7 |  25.9 |      12 |       3 |  20.0
            +---------+---------+-------+---------+---------+-------
